[Event "Titled Tuesday Blitz January 18 2022"]
[White "Azadaliyev, Jahandar"]
[Black "Kislov, Oleg"]
[WhiteFideId "13425811"]
[BlackFideId "13503774"]
[WhiteElo "1795"]
[BlackElo "2252"]
[Result "0-1"]
[Round "07"]
[TimeControl "180+1"]
[Date "2022.01.18"]
[WhiteClock "0:00:20"]
[BlackClock "0:00:16"]

1. d4 Nf6 2. c4 e6 3. Nf3 d5 4. g3 Be7 5. Bg2 O-O 6. O-O dxc4 7. Nbd2 Bd7 8. Nxc4 Bc6 9. b3 Nbd7 10. Bb2 Nb6 11. Nce5 Be4 12. Rc1 c6 13. e3 a5 14. a4 Nbd5 15. Qe2 Nb4 16. Rfd1 Bd5 17. Nc4 b5 18. axb5 cxb5 19. Ncd2 Qb6 20. e4 Bb7 21. d5 exd5 22. e5 Ne4 23. Nd4 Nxd2 24. Qxd2 Rac8 25. Nf5 Bc5 26. Bd4 Bxd4 27. Ne7+ Kh8 28. Nxc8 Bxf2+ 29. Qxf2 Qxf2+ 30. Kxf2 Bxc8 31. Rd4 Be6 32. Rc5 Rb8 33. Bf1 Bd7 34. Ke3 Kg8 35. Rc1 Kf8 36. Rc7 Ke8 37. Rh4 h6 38. g4 Kd8 39. Rc5 Rc8 40. Rxc8+ Kxc8 41. Kd4 Kc7 42. g5 hxg5 43. Rh7 Be6 44. Bxb5 Kb6 45. Be8 Nc6+ 46. Kc3 Nxe5 47. Rxg7 g4 48. Kd4 Nf3+ 49. Ke3 Nxh2 50. Bxf7 Bxf7 51. Rxf7 Nf3 52. Rg7 d4+ 53. Ke4 Nd2+ 54. Kxd4 Nxb3+ 55. Kc4 Nd2+ 56. Kd3 Nf3 57. Rxg4 Ne5+ 58. Kc3 Nxg4 59. Kb2 Ne5 60. Ka1 Kb5 61. Kb2 Kb4 62. Ka1 a4 63. Kb2 a3+ 64. Ka1 Kb3 65. Kb1 Nc4 66. Ka1 Ne3 67. Kb1 a2+ 68. Ka1 Nc2# 0-1


[Site "https://www.chess.com"]

[Event "Titled Tuesday Blitz January 18 2022"]
[White "Bacrot, Etienne"]
[Black "Maghsoodloo, Parham"]
[WhiteFideId "605506"]
[BlackFideId "12539929"]
[WhiteElo "2813"]
[BlackElo "2930"]
[Result "1-0"]
[Round "07"]
[TimeControl "180+1"]
[Date "2022.01.18"]
[WhiteClock "0:02:52"]
[BlackClock "0:03:01"]

1. d4 Nf6 2. Nf3 g6 3. Bg5 Bg7 4. Nbd2 h6 5. Bxf6 exf6 6. e4 O-O 7. Bc4 d6 8. h3 f5 9. exf5 Re8+ 10. Be2 Bxf5 11. O-O c5 12. Bb5 Nc6 13. d5 a5 14. dxc6 1-0


[Site "https://www.chess.com"]

[Event "Titled Tuesday Blitz January 18 2022"]
[White "Bauer, Thomas"]
[Black "Kavyev, Ruslan"]
[WhiteFideId "1639293"]
[BlackFideId "34110981"]
[WhiteElo "2220"]
[BlackElo "2182"]
[Result "0-1"]
[Round "07"]
[TimeControl "180+1"]
[Date "2022.01.18"]
[WhiteClock "0:00:02"]
[BlackClock "0:00:13"]

1. d4 Nf6 2. Bf4 c5 3. d5 Qb6 4. Bc1 g6 5. Nf3 Bg7 6. Na3 O-O 7. c3 d6 8. Nc4 Qc7 9. a4 b6 10. Bf4 Bb7 11. Ne3 a6 12. Qb3 Nbd7 13. Rd1 Rfb8 14. g3 b5 15. Bg2 Nb6 16. axb5 c4 17. Qb4 Nfxd5 18. Nxd5 Nxd5 19. b6 Nxb6 20. Qa5 Bc6 21. O-O Qb7 22. Rd2 Nd5 23. Nd4 Bxd4 24. Bxd5 Bxd5 25. Rxd4 Be6 26. Bc1 Qb5 27. Qa1 a5 28. Qb1 a4 29. Qe4 Qh5 30. h4 Rb5 31. Qxa8+ Kg7 32. Qf3 Qc5 33. Rfd1 h5 34. Qe3 Qf5 35. Qh6+ Kg8 36. Rf4 Qc2 37. Rf1 Qxe2 38. Be3 Rd5 39. Bd4 Rxd4 40. Rxd4 Bh3 41. Kh2 Qxf1 0-1


[Site "https://www.chess.com"]

[Event "Titled Tuesday Blitz January 18 2022"]
[White "Belyakov, Bogdan"]
[Black "Lehtosaari, Mauri"]
[WhiteFideId "24104795"]
[BlackFideId "501999"]
[WhiteElo "2407"]
[BlackElo "2492"]
[Result "1-0"]
[Round "07"]
[TimeControl "180+1"]
[Date "2022.01.18"]
[WhiteClock "0:01:19"]
[BlackClock "0:00:13"]

1. e4 c5 2. c3 e6 3. d4 Nf6 4. e5 Nd5 5. Nf3 Nc6 6. c4 Nb6 7. d5 Ne7 8. d6 Ng6 9. Nc3 a6 10. Bd3 f6 11. Bxg6+ hxg6 12. Qd3 Kf7 13. O-O Rb8 14. b3 Na8 15. Bb2 b6 16. Ne4 f5 17. Neg5+ Kg8 18. a4 Bb7 19. Qe3 Qc8 20. Qf4 Qc6 21. Rfe1 Re8 22. Qg3 b5 23. axb5 axb5 24. Nh3 Rh6 25. Nf4 Kf7 26. Nh4 Rxh4 27. Qxh4 Nb6 28. Qg5 Kg8 29. Qxg6 Ra8 30. Nh5 Kh8 31. Rxa8 Bxa8 32. Re3 bxc4 33. Rh3 Qxg2+ 34. Qxg2 Bxg2 35. Kxg2 g6 36. Nf6+ Kg7 37. Rh7# 1-0


[Site "https://www.chess.com"]

[Event "Titled Tuesday Blitz January 18 2022"]
[White "Bluebaum, Matthias"]
[Black "Xiong, Jeffery"]
[WhiteFideId "24651516"]
[BlackFideId "2047640"]
[WhiteElo "2909"]
[BlackElo "3030"]
[Result "0-1"]
[Round "07"]
[TimeControl "180+1"]
[Date "2022.01.18"]
[WhiteClock "0:00:09"]
[BlackClock "0:00:08"]

1. d4 d5 2. c4 c6 3. Nc3 Nf6 4. Nf3 e6 5. Qc2 dxc4 6. e4 b5 7. Be2 Bb7 8. O-O Na6 9. a3 Nc7 10. Bf4 Be7 11. b3 cxb3 12. Qxb3 a6 13. Rac1 O-O 14. Rfd1 Rc8 15. h3 Nd7 16. Bg3 c5 17. d5 exd5 18. exd5 c4 19. Qa2 Bf6 20. Nd4 Nc5 21. Nc6 Bxc6 22. dxc6 Qe8 23. Bf3 Nd3 24. Rxd3 cxd3 25. Ne4 Qe6 26. Qd2 Rfd8 27. Nc5 Qe7 28. Nb7 Bg5 29. Bf4 Bxf4 30. Qxf4 d2 31. Rd1 Rd3 32. Qf5 Rdd8 33. Nxd8 Rxd8 34. Qf4 Qd6 35. Qe3 g6 36. h4 Ne6 37. h5 Qd4 38. h6 Qxe3 39. fxe3 Kf8 40. Kf2 Ke7 41. Ke2 Rd6 42. g3 Nc5 43. Rxd2 Rxd2+ 44. Kxd2 Kd6 45. Kc3 a5 46. Kc2 Ne6 47. Kc3 Nd8 48. Be2 Kxc6 49. Kd4 f6 50. g4 Nf7 51. Bd1 Nxh6 52. e4 Nf7 53. Bb3 Ne5 54. Ke3 Nxg4+ 55. Kf4 Ne5 56. Bd5+ Kc5 57. Bg8 b4 0-1


[Site "https://www.chess.com"]

[Event "Titled Tuesday Blitz January 18 2022"]
[White "Brunner, Nicolas"]
[Black "Mokshanov, Alexey"]
[WhiteFideId "620246"]
[BlackFideId "24121657"]
[WhiteElo "2372"]
[BlackElo "2141"]
[Result "1-0"]
[Round "07"]
[TimeControl "180+1"]
[Date "2022.01.18"]
[WhiteClock "0:00:02"]
[BlackClock "0:00:03"]

1. d4 d5 2. c4 e6 3. Nf3 Nf6 4. g3 dxc4 5. Bg2 Nc6 6. Qa4 Bb4+ 7. Bd2 Bxd2+ 8. Nbxd2 O-O 9. Qxc4 Nd5 10. O-O Bd7 11. Ne4 b6 12. Rac1 Rc8 13. Nc3 Nce7 14. e4 Nxc3 15. Qxc3 c5 16. Qa3 cxd4 17. Nxd4 a5 18. Rfd1 Rxc1 19. Rxc1 e5 20. Ne2 Be6 21. Nc3 Nc6 22. Nd5 Bxd5 23. exd5 Nd4 24. Kh1 Qf6 25. Qe3 Qd6 26. f4 f6 27. fxe5 fxe5 28. Be4 h6 29. Kg2 Qb4 30. Qc3 Qd6 31. Qc7 Qf6 32. d6 Qf2+ 33. Kh3 Qe2 34. Bd5+ Kh7 35. Qe7 Rf2 36. Rh1 Nf5 37. Qe8 Qe3 38. Qg8+ Kg6 39. Qf7+ Kg5 40. Rg1 Qe2 41. Rh1 Qe3 42. Rg1 Qd2 43. Rh1 Nxg3 44. Qxg7+ Kh5 45. Qg4# 1-0


[Site "https://www.chess.com"]

[Event "Titled Tuesday Blitz January 18 2022"]
[White "Bryakin, Mikhail"]
[Black "Koziorowicz, Michal"]
[WhiteFideId "4165314"]
[BlackFideId "21809194"]
[WhiteElo "2421"]
[BlackElo "2166"]
[Result "1-0"]
[Round "07"]
[TimeControl "180+1"]
[Date "2022.01.18"]
[WhiteClock "0:00:06"]
[BlackClock "0:00:05"]

1. e4 c5 2. c3 g6 3. d4 cxd4 4. Qxd4 Nf6 5. e5 Nc6 6. Qf4 Nh5 7. Qe3 Ng7 8. f4 d6 9. Nf3 Nf5 10. Qe4 d5 11. Qa4 Bd7 12. Qb3 e6 13. Bd3 Bc5 14. Bxf5 gxf5 15. Nbd2 Rg8 16. g3 Na5 17. Qd1 Nc4 18. Nb3 Bb6 19. Nbd4 Rc8 20. b3 Na5 21. Bb2 Nc6 22. Nb5 Bc7 23. Ba3 Na5 24. Nxc7+ Qxc7 25. Bb4 Nc6 26. Bd6 Qb6 27. Qd2 a5 28. Kf1 Na7 29. Nd4 Nb5 30. Nxb5 Bxb5+ 31. Kg2 d4 32. Rhc1 Bc6+ 33. Kh3 Rg6 34. g4 Rxg4 35. Rg1 dxc3 36. Qe1 h5 37. Rg3 Be4 38. Rxg4 hxg4+ 39. Kh4 c2 40. Qd2 Qd8+ 41. Kg3 Rc6 42. Rc1 Qb6 43. b4 axb4 44. Bxb4 Qb5 45. Kh4 Qd3 46. Qf2 Kd7 47. Qa7 Rc8 48. Kg5 Bc6 49. Qc5 Kc7 50. Rxc2 Qd8+ 51. Qe7+ Qxe7+ 52. Bxe7 Ra8 53. Kf6 Ra4 54. Rf2 Bd5 55. a3 Rc4 56. Kxf7 b5 57. Bd6+ Kc6 58. Kf6 Rc3 59. Kg5 Rf3 60. Rc2+ Kb6 61. Rb2 Ka5 62. Kf6 Rc3 63. Rd2 Rc4 64. Kg5 Ka4 65. Rb2 Rc3 66. Rb4+ Ka5 67. Rb2 Rh3 68. Bb4+ Kb6 69. Rc2 Bc4 70. Rd2 Bd5 71. Kf6 Rf3 72. Rxd5 exd5 73. e6 Rxf4 74. Bc3 Re4 75. Be5 Kc6 76. Kxf5 Re1 77. Bf6 Kd6 78. e7 Kd7 79. Kxg4 Re3 80. h4 Rxa3 81. h5 Ra2 82. Kg5 Rh2 83. h6 b4 84. Kg6 Ke8 85. h7 Rg2+ 86. Bg5 Rh2 87. Bh6 Kxe7 88. h8=Q Rg2+ 89. Kh7 Rf2 90. Qd4 Kd6 91. Qxf2 1-0


[Site "https://www.chess.com"]

[Event "Titled Tuesday Blitz January 18 2022"]
[White "Cherniaiev, Tykhon"]
[Black "Corrales Jimenez, Fidel"]
[WhiteFideId "14182360"]
[BlackFideId "3506690"]
[WhiteElo "2289"]
[BlackElo "2541"]
[Result "0-1"]
[Round "07"]
[TimeControl "180+1"]
[Date "2022.01.18"]
[WhiteClock "0:00:08"]
[BlackClock "0:00:15"]

1. Nf3 c5 2. c4 Nc6 3. b3 Nf6 4. Bb2 g6 5. g3 Bg7 6. Bg2 O-O 7. O-O d6 8. d4 Bf5 9. Nc3 Ne4 10. Nxe4 Bxe4 11. e3 a5 12. Qd2 a4 13. d5 Bxb2 14. Qxb2 a3 15. Qc3 Nb4 16. Nd2 Bxg2 17. Kxg2 b5 18. e4 Qd7 19. h4 e6 20. h5 exd5 21. cxd5 Rae8 22. Rh1 g5 23. f4 gxf4 24. Rh4 f5 25. Rxf4 Qg7 26. Qc1 fxe4 27. Nxe4 Qb2+ 28. Kf3 Qxc1 29. Rxc1 Nd3 30. Rg1 Nxf4 31. gxf4+ Kh8 32. Nxd6 Rd8 33. Nxb5 Rxd5 34. Nxa3 Rxh5 35. Nc4 Rh4 36. Rg4 Rxg4 37. Kxg4 Rg8+ 38. Kf3 h5 39. Ne5 h4 40. Nf7+ Kg7 41. Ng5 Kg6 42. Kg4 Rh8 43. Nh3 Kf6 44. Nf2 Ke6 45. Nh3 Rg8+ 46. Ng5+ Kd5 47. Kxh4 Ra8 48. Kg4 Rxa2 49. f5 Ke5 50. Nf3+ Kf6 51. Kf4 Rb2 52. Ne5 Rc2 53. Ng4+ Ke7 54. Kg5 Rd2 55. f6+ Ke6 56. Kg6 Rg2 57. Kg5 Rg3 58. Kf4 Rxb3 59. Ne5 Rb4+ 60. Kg5 Kxe5 61. f7 Rf4 62. Kg6 c4 63. Kg7 c3 64. Kg8 Rxf7 65. Kxf7 c2 66. Ke7 c1=Q 67. Kd7 Qc5 68. Ke8 Qc7 69. Kf8 Kf6 70. Kg8 Qg7# 0-1


[Site "https://www.chess.com"]

[Event "Titled Tuesday Blitz January 18 2022"]
[White "Chernomordik, Pavel"]
[Black "Artemenko, Oleg"]
[WhiteFideId "2804530"]
[BlackFideId "14201798"]
[WhiteElo "2249"]
[BlackElo "2287"]
[Result "1-0"]
[Round "07"]
[TimeControl "180+1"]
[Date "2022.01.18"]
[WhiteClock "0:00:03"]
[BlackClock "0:00:12"]

1. e4 e6 2. Nc3 d5 3. d4 Nf6 4. Bg5 Bb4 5. e5 h6 6. Bh4 g5 7. Bg3 Ne4 8. Ne2 c5 9. a3 Bxc3+ 10. Nxc3 Qa5 11. dxc5 Nc6 12. Qd3 a6 13. f3 Nxc5 14. Qd2 Bd7 15. Be2 O-O-O 16. O-O d4 17. Nb1 Qxd2 18. Nxd2 h5 19. Nc4 h4 20. Bf2 Kc7 21. Rfd1 Bc8 22. c3 b5 23. Nd6 Nb3 24. Nxf7 Nxa1 25. Nxh8 dxc3 26. Rxd8 Kxd8 27. bxc3 Nxe5 28. Bd4 Nc4 29. Bxc4 bxc4 30. Nf7+ Ke8 31. Nxg5 Nc2 32. Bc5 Kd7 33. Ne4 Kc6 34. Kf2 e5 35. Be7 Bf5 36. a4 h3 37. g4 Bg6 38. Ng5 Kd7 39. Bf8 Na1 40. Nxh3 Nb3 41. f4 exf4 42. Nxf4 Bb1 43. h4 Nc1 44. h5 Ke8 45. Bc5 Na2 46. Bd4 Nc1 47. Ke3 Kd7 48. g5 Ke7 49. g6 Kf8 50. h6 Bxg6 51. Nxg6+ Kg8 52. Nf4 Kh7 53. Bg7 Nb3 54. Nd5 Nc5 55. Nf6+ Kg6 56. Kd4 Nxa4 57. Kxc4 Nb6+ 58. Kc5 Na4+ 59. Kb4 Nb6 60. Bf8 Nc8 61. h7 a5+ 62. Kxa5 Na7 63. h8=Q Nc6+ 64. Kb6 Ne5 65. Qg7+ Kf5 66. Ne8 Nc4+ 67. Kc5 Ne3 68. Nd6+ Kf4 69. Qh6+ Kf3 70. Qh3+ Ke2 71. Bh6 Nc2 72. Ne4 Kd1 73. Qg2 Ne1 74. Qd2# 1-0


[Site "https://www.chess.com"]

[Event "Titled Tuesday Blitz January 18 2022"]
[White "Chigaev, Maksim"]
[Black "Bortnyk, Olexandr"]
[WhiteFideId "4108116"]
[BlackFideId "14120828"]
[WhiteElo "3023"]
[BlackElo "2857"]
[Result "0-1"]
[Round "07"]
[TimeControl "180+1"]
[Date "2022.01.18"]
[WhiteClock "0:00:02"]
[BlackClock "0:00:10"]

1. d4 f5 2. g3 Nf6 3. Bg2 d6 4. Nf3 g6 5. O-O Bg7 6. b4 c5 7. bxc5 dxc5 8. e3 Nc6 9. Bb2 cxd4 10. exd4 Be6 11. Nbd2 O-O 12. c4 Ne4 13. Nxe4 fxe4 14. Ng5 Bxc4 15. Bxe4 Nxd4 16. Re1 Qb6 17. Bc1 Rad8 18. Rb1 Qa5 19. Be3 Ne2+ 20. Qxe2 Bxe2 21. Rxe2 Rd6 22. Bxb7 Bd4 23. Bxd4 Rxd4 24. Ne6 Rd2 25. Rbe1 Qxa2 26. Nf4 Rxf4 0-1


[Site "https://www.chess.com"]

[Event "Titled Tuesday Blitz January 18 2022"]
[White "Concio, Michael Jr."]
[Black "Seemann, Jakub"]
[WhiteFideId "5217873"]
[BlackFideId "21874697"]
[WhiteElo "1896"]
[BlackElo "2003"]
[Result "1-0"]
[Round "07"]
[TimeControl "180+1"]
[Date "2022.01.18"]
[WhiteClock "0:00:05"]
[BlackClock "0:00:02"]

1. e4 e6 2. d3 d5 3. Nd2 Nf6 4. Ngf3 c5 5. g3 Nc6 6. Bg2 Qc7 7. O-O Be7 8. c3 b6 9. Qc2 Bb7 10. Re1 O-O 11. Nf1 Rac8 12. Bg5 h6 13. Bxf6 Bxf6 14. exd5 exd5 15. Ne3 Rfd8 16. Ng4 Be7 17. Nge5 Nxe5 18. Nxe5 Bd6 19. Nf3 Re8 20. Qd2 Qd7 21. Rxe8+ Rxe8 22. Re1 Rxe1+ 23. Qxe1 Qa4 24. a3 Kf8 25. Nh4 Qd7 26. Qe2 Be7 27. Nf3 Bf6 28. Ne5 Qe6 29. d4 Be7 30. Bf3 cxd4 31. cxd4 Kg8 32. Qc2 Qd6 33. Qf5 Bf6 34. Be2 g6 35. Nxg6 fxg6 36. Qxg6+ Kf8 37. Qxh6+ Ke8 38. Qg6+ Kd8 39. h4 Qe7 40. Qg8+ Kc7 41. Qg4 Bc8 42. Qf4+ Qd6 43. Qd2 Qe6 44. Bf3 Bb7 45. Qf4+ Qd6 46. Qd2 Kb8 47. h5 a6 48. h6 Bh8 49. Qg5 Qf6 50. Qxf6 Bxf6 51. h7 Bxd4 52. b3 Bh8 53. Kf1 Kc7 54. Ke2 Kd6 55. Kd3 Ke5 56. Bg4 Bc6 57. f4+ Kd6 58. a4 Be8 59. Bf5 b5 60. axb5 Bxb5+ 61. Kd2 d4 62. g4 Kd5 63. g5 Bc6 64. Bd3 Bd7 65. f5 Ke5 66. f6 Be6 67. Bc4 Bxc4 68. bxc4 Ke6 69. c5 a5 70. c6 a4 71. c7 Kd7 72. f7 a3 73. f8=Q a2 74. c8=Q# 1-0


[Site "https://www.chess.com"]

[Event "Titled Tuesday Blitz January 18 2022"]
[White "Costachi, Mihnea"]
[Black "Hjartarson, Johann"]
[WhiteFideId "1217518"]
[BlackFideId "2300044"]
[WhiteElo "2464"]
[BlackElo "2484"]
[Result "0-1"]
[Round "07"]
[TimeControl "180+1"]
[Date "2022.01.18"]
[WhiteClock "0:01:34"]
[BlackClock "0:00:55"]

1. e4 g6 2. d4 Bg7 3. Nc3 d6 4. f3 Nf6 5. Be3 c6 6. Qd2 b5 7. g4 h5 8. g5 Nfd7 9. h4 b4 10. Nce2 a5 11. a3 Na6 12. axb4 axb4 13. Ng3 O-O 14. Nh3 c5 15. d5 Bxb2 16. Qd1 Bxa1 17. Qxa1 Ne5 18. Be2 Nc7 19. Qb2 Ba6 20. f4 Nc4 21. Bxc4 Bxc4 22. f5 Ra2 23. Qc1 Nb5 24. Nf4 Na3 25. Rh2 b3 26. cxb3 Rxh2 27. Qxa3 Qa8 28. Qc1 Bxb3 29. Qc3 Qa2 30. Nge2 Qb1+ 31. Nc1 Qxe4 32. Nce2 Bc4 33. fxg6 fxg6 34. Ne6 Rxe2+ 35. Kd1 Rf1+ 0-1


[Site "https://www.chess.com"]

[Event "Titled Tuesday Blitz January 18 2022"]
[White "Coto Mederos, Michel"]
[Black "Kalashian, David"]
[WhiteFideId "3508528"]
[BlackFideId "13302418"]
[WhiteElo "2427"]
[BlackElo "2490"]
[Result "0-1"]
[Round "07"]
[TimeControl "180+1"]
[Date "2022.01.18"]
[WhiteClock "0:01:25"]
[BlackClock "0:02:24"]

1. d4 Nf6 2. Bg5 e6 3. e4 c5 4. e5 h6 5. exf6 hxg5 6. fxg7 Bxg7 7. c3 cxd4 8. cxd4 Qb6 9. Nf3 g4 10. Ne5 Qxb2 11. Nd2 Qxd4 12. f4 gxf3 13. Ndxf3 Qc3+ 14. Kf2 Bxe5 15. Rc1 Qb2+ 16. Rc2 Qb6+ 17. Ke2 Nc6 18. g3 Bg7 19. Bg2 d5 20. h4 Bd7 0-1


[Site "https://www.chess.com"]

[Event "Titled Tuesday Blitz January 18 2022"]
[White "Czopor, Maciej"]
[Black "Santos Flores, Alberto"]
[WhiteFideId "21805431"]
[BlackFideId "3601234"]
[WhiteElo "1999"]
[BlackElo "2293"]
[Result "1/2-1/2"]
[Round "07"]
[TimeControl "180+1"]
[Date "2022.01.18"]
[WhiteClock "0:00:07"]
[BlackClock "0:00:03"]

1. b3 d5 2. Nf3 Nf6 3. c4 c6 4. Bb2 Bf5 5. g3 Nbd7 6. Bg2 e6 7. O-O h6 8. d3 Be7 9. Nbd2 O-O 10. a3 a5 11. Ra2 Bh7 12. Qa1 b5 13. Rc1 Qb6 14. Ne5 Nxe5 15. Bxe5 Rfc8 16. Rac2 Qb7 17. e4 dxc4 18. dxc4 b4 19. c5 Ne8 20. Nc4 Bxc5 21. a4 Bf8 22. h4 Rd8 23. Ne3 Rac8 24. h5 c5 25. Nc4 Bxe4 26. Nxa5 Qa8 27. Bxe4 Qxe4 28. Nc4 Qf3 29. a5 Rd3 30. a6 Rcd8 31. Ne3 Rxe3 32. fxe3 Qxe3+ 33. Kh2 Rd2+ 34. Rxd2 Qxd2+ 35. Kh3 Qe2 36. a7 Qxh5+ 37. Kg2 Qe2+ 38. Kg1 Qe3+ 39. Kf1 Qf3+ 40. Kg1 Qe3+ 41. Kh2 Qe2+ 42. Kh3 Qh5+ 43. Kg2 Qe2+ 44. Kg1 Qe3+ 1/2-1/2


[Site "https://www.chess.com"]

[Event "Titled Tuesday Blitz January 18 2022"]
[White "Dauner, Benedikt"]
[Black "Kovalev, Egor"]
[WhiteFideId "16225899"]
[BlackFideId "24124117"]
[WhiteElo "2230"]
[BlackElo "2243"]
[Result "1-0"]
[Round "07"]
[TimeControl "180+1"]
[Date "2022.01.18"]
[WhiteClock "0:00:41"]
[BlackClock "0:00:02"]

1. d4 Nf6 2. Nf3 g6 3. Nc3 Bg7 4. e4 d5 5. e5 Ne4 6. Nxe4 dxe4 7. Ng5 c5 8. c3 O-O 9. Nxe4 cxd4 10. cxd4 Nc6 11. Be3 Qb6 12. Qb3 Rd8 13. Rd1 Qa5+ 14. Nc3 Bg4 15. f3 Bf5 16. Bc4 Nxe5 17. dxe5 Rxd1+ 18. Qxd1 Qxe5 19. Kf2 Rc8 20. Qe2 Qf6 21. Bb3 a6 22. Rd1 Qh4+ 23. Kg1 Be5 24. g3 Bxg3 25. hxg3 Qxg3+ 26. Qg2 Qe5 27. Bd4 Qd6 28. Qh2 Qd8 29. Qe5 1-0


[Site "https://www.chess.com"]

[Event "Titled Tuesday Blitz January 18 2022"]
[White "De Silva, L M S T"]
[Black "Zhigalko, Sergei"]
[WhiteFideId "9953698"]
[BlackFideId "13502956"]
[WhiteElo "2733"]
[BlackElo "2859"]
[Result "1-0"]
[Round "07"]
[TimeControl "180+1"]
[Date "2022.01.18"]
[WhiteClock "0:00:17"]
[BlackClock "0:00:01"]

1. Nf3 d5 2. b3 Bg4 3. Bb2 Nd7 4. d4 e6 5. e3 Ngf6 6. Be2 Be7 7. c4 O-O 8. Nc3 c6 9. O-O Bd6 10. h3 Bh5 11. Nd2 Bg6 12. f4 Rc8 13. c5 Bc7 14. Nf3 Ba5 15. Bd3 Bxc3 16. Bxc3 Bxd3 17. Qxd3 Ne4 18. Be1 Qc7 19. b4 b5 20. a4 a6 21. Bh4 Ra8 22. a5 Rae8 23. g4 f6 24. Nd2 Nxd2 25. Qxd2 e5 26. fxe5 fxe5 27. Bg3 Qd8 28. Rxf8+ Rxf8 29. dxe5 Qg5 30. Bf4 Qe7 31. Qd4 Re8 32. e4 Nxe5 33. Bxe5 Qxe5 34. Qxe5 Rxe5 35. exd5 Rxd5 36. Re1 Kf7 37. Rf1+ Ke6 38. Re1+ Re5 39. Rd1 Rd5 40. Re1+ Kf6 41. Rf1+ Ke5 42. Rf7 g5 43. Rc7 Kf4 44. Rxc6 Rd4 45. Rxa6 Rxb4 46. Rb6 Kf3 47. Rf6+ Kg3 48. c6 Rc4 49. Kf1 b4 50. Ke2 b3 51. Rf3+ Kh4 52. Rxb3 1-0


[Site "https://www.chess.com"]

[Event "Titled Tuesday Blitz January 18 2022"]
[White "Deac, Bogdan-Daniel"]
[Black "Pultinevicius, Paulius"]
[WhiteFideId "1226380"]
[BlackFideId "12809390"]
[WhiteElo "2960"]
[BlackElo "2846"]
[Result "1-0"]
[Round "07"]
[TimeControl "180+1"]
[Date "2022.01.18"]
[WhiteClock "0:00:09"]
[BlackClock "0:00:02"]

1. e4 c6 2. Nf3 d5 3. d3 Qc7 4. exd5 cxd5 5. c4 Nf6 6. Nc3 e6 7. a3 dxc4 8. dxc4 a6 9. g3 Bd6 10. Bg2 b6 11. O-O Bb7 12. Be3 Nbd7 13. Qe2 O-O 14. Rfd1 Rfd8 15. Rac1 Rac8 16. b4 h6 17. h3 Qb8 18. Rc2 Bc7 19. Ne1 Ne5 20. Bxb7 Qxb7 21. Rxd8+ Rxd8 22. Rd2 Rxd2 23. Bxd2 Qc6 24. b5 axb5 25. cxb5 Qc4 26. a4 Qb3 27. Nf3 Nxf3+ 28. Qxf3 Be5 29. Kg2 Bxc3 30. Bxc3 Nd5 31. Be5 Qxa4 32. Qd3 Qb4 33. Bd4 Qd6 34. Qc4 Qd7 35. Kg1 Qd8 36. h4 f6 37. Qc6 Kf7 38. Bb2 h5 39. Bd4 Qe8 40. Qb7+ Qe7 41. Qc6 Qd8 42. Qb7+ Qe7 43. Qc6 Qc7 44. Qa8 Qc1+ 45. Kg2 Qc4 46. Qb7+ Kg6 47. Be3 Qe4+ 48. Kg1 Kf5 49. Qxg7 Nxe3 50. Qh7+ Ke5 51. Qc7+ Kf5 52. Qh7+ Ke5 53. Qc7+ Kd4 54. Qxb6+ Kc4 55. fxe3 Qb1+ 56. Kh2 Qc2+ 57. Kh3 Qf5+ 58. Kg2 Qc2+ 59. Kf3 Qf5+ 60. Ke2 Qc2+ 61. Ke1 Qb1+ 62. Kf2 Qf5+ 63. Kg1 Qb1+ 64. Kh2 Qc2+ 65. Kh3 Qf5+ 66. g4 hxg4+ 67. Kh2 Qf2+ 68. Kh1 Qf1+ 69. Kh2 Qf2+ 70. Kh1 g3 71. Qxe6+ Kd3 72. Qb3+ Ke4 73. Qc4+ Kf3 74. Qf4+ Ke2 75. Qc4+ Kd2 76. Qd4+ Ke2 77. Qb2+ Kxe3 78. Qc3+ Ke4 79. Qc4+ Kf5 80. Qd5+ Kg4 81. Qe6+ Kxh4 82. Qe4+ Kg5 83. Qd5+ f5 84. Qg2 Qe1+ 85. Qg1 Qe4+ 86. Qg2 Qb1+ 87. Qg1 Qe4+ 88. Qg2 Qh4+ 89. Kg1 Qd4+ 90. Kh1 Kh4 91. Qf3 Qa1+ 92. Kg2 Qb2+ 93. Kg1 Qd4+ 94. Kg2 Qd2+ 95. Kf1 Qc1+ 96. Kg2 Qb2+ 97. Kg1 1-0


[Site "https://www.chess.com"]

[Event "Titled Tuesday Blitz January 18 2022"]
[White "Djordjevic, Vuk"]
[Black "Weishaeutel, Moritz"]
[WhiteFideId "902098"]
[BlackFideId "12967300"]
[WhiteElo "2463"]
[BlackElo "2002"]
[Result "0-1"]
[Round "07"]
[TimeControl "180+1"]
[Date "2022.01.18"]
[WhiteClock "0:00:02"]
[BlackClock "0:00:07"]

1. e4 e5 2. f4 d5 3. d4 dxe4 4. fxe5 Nc6 5. Be3 f6 6. Bb5 Bd7 7. Nc3 Bb4 8. Qe2 Qe7 9. Nh3 fxe5 10. O-O Bxc3 11. bxc3 exd4 12. cxd4 O-O-O 13. d5 Ne5 14. Bxa7 Bxh3 15. gxh3 Nf3+ 16. Kh1 Rxd5 17. c4 Rd2 18. Qxd2 Nxd2 19. Rf2 Nf3 20. Rd1 Nf6 21. c5 Rd8 22. Rdf1 Rd2 23. c6 Rxf2 24. Rxf2 Qb4 25. a4 Qe1+ 26. Rf1 Qd2 27. Rf2 Qc1+ 28. Rf1 Qf4 29. Rf2 e3 30. Rg2 Ne4 31. a5 Nf2+ 32. Rxf2 exf2 33. Kg2 Nh4+ 34. Kf1 Qxh2 35. Bxf2 Qg2+ 36. Ke2 Nf5 37. Bd3 Nd4+ 38. Ke1 Nxc6 39. Bf5+ Kb8 40. Bg4 Qe4+ 41. Kf1 Nxa5 42. Be2 Nc4 43. Bg4 Ne3+ 44. Bxe3 Qxe3 0-1


[Site "https://www.chess.com"]

[Event "Titled Tuesday Blitz January 18 2022"]
[White "Dolzhykova, Kateryna"]
[Black "Bodnar, Nikolay"]
[WhiteFideId "14113414"]
[BlackFideId "14106469"]
[WhiteElo "2165"]
[BlackElo "2296"]
[Result "1-0"]
[Round "07"]
[TimeControl "180+1"]
[Date "2022.01.18"]
[WhiteClock "0:00:06"]
[BlackClock "0:00:20"]

1. e4 c5 2. Nf3 d6 3. Bb5+ Nd7 4. O-O a6 5. Bxd7+ Bxd7 6. c3 Nf6 7. Re1 Bc6 8. e5 dxe5 9. Nxe5 Rc8 10. Nxc6 Rxc6 11. Qf3 e6 12. Na3 Be7 13. Nc4 O-O 14. d3 Nd5 15. Bf4 Nxf4 16. Qxf4 b5 17. Qf3 Rc8 18. Ne5 Bf6 19. Ng4 Be7 20. Ne5 Qc7 21. Rad1 Bd6 22. d4 cxd4 23. cxd4 Qc2 24. Nd3 Qc4 25. a3 Qxd4 26. Ne5 Bxe5 27. Rxd4 Bxd4 28. Qb3 Rc4 29. g3 Rfc8 30. Re2 g6 31. Kg2 Kg7 32. Rd2 e5 33. Re2 R8c5 34. Qd3 Rc1 35. f4 Rg1+ 36. Kh3 f6 37. fxe5 Bxe5 38. Qd7+ Kh6 39. Qe7 Rc7 40. Qf8+ Kg5 41. Rxe5+ fxe5 42. Qd8+ Kf5 43. Qxc7 Ke4 44. Qxh7 Kd3 45. Qxg6+ e4 46. Qxa6 e3 47. Qxb5+ Kd2 48. Qd5+ Ke2 49. a4 Kf2 50. Qf5+ Ke1 51. a5 e2 52. a6 Rf1 53. Qa5+ Kd1 54. a7 Rf8 55. a8=Q Rxa8 56. Qxa8 e1=Q 57. Qa1+ 1-0


[Site "https://www.chess.com"]

[Event "Titled Tuesday Blitz January 18 2022"]
[White "Donchenko, Alexander"]
[Black "Villalba, Marcelo"]
[WhiteFideId "24603295"]
[BlackFideId "3701859"]
[WhiteElo "2539"]
[BlackElo "2169"]
[Result "1-0"]
[Round "07"]
[TimeControl "180+1"]
[Date "2022.01.18"]
[WhiteClock "0:00:30"]
[BlackClock "0:00:01"]

1. e4 e5 2. Nf3 Nc6 3. Bc4 Bc5 4. d3 Nf6 5. c3 d6 6. O-O a5 7. h3 h6 8. Re1 O-O 9. Nbd2 Be6 10. Bb5 Qb8 11. Nf1 Qa7 12. Be3 Qb6 13. Bxc6 Bxe3 14. Nxe3 bxc6 15. Re2 Rfe8 16. Qc2 c5 17. Nd2 Rab8 18. Ndc4 Bxc4 19. Nxc4 Qb5 20. a4 Qa6 21. Rf1 Nd7 22. f4 exf4 23. Rxf4 Ne5 24. Nxe5 dxe5 25. Rf3 Red8 26. Ref2 Rd7 27. Qe2 Rbd8 28. Kh2 Rxd3 29. Rxf7 Rxh3+ 30. Kxh3 Qxe2 31. Rxg7+ Kxg7 32. Rxe2 Kg6 33. Kg4 Rd3 34. Kh4 h5 35. g4 hxg4 36. Kxg4 Rd1 37. Kf3 c4 38. Rg2+ Kf6 39. Ke3 Ra1 40. Rh2 Rxa4 41. Kd2 Ra1 42. Rh6+ Ke7 43. Rc6 Kd7 44. Rxc4 a4 45. Rc5 Kd6 46. Ra5 Rb1 47. Kc2 Re1 48. Rxa4 c5 49. Rc4 Re2+ 50. Kb1 Rf2 51. Ka2 Re2 52. Ka3 Re3 53. Ka4 Re2 54. b4 cxb4 55. cxb4 Re1 56. b5 Rb1 57. Ka5 Ra1+ 58. Kb6 Rb1 59. Ka6 Ra1+ 60. Kb7 Rb1 61. b6 Kd7 62. Ka7 Ra1+ 63. Kb8 Rb1 64. b7 Rb2 65. Rc5 Rb4 66. Rxe5 Kd6 67. Rd5+ Kc6 68. Kc8 Rxb7 69. Rd4 Rh7 70. Kd8 Rh6 71. Ke7 Rh7+ 72. Kf6 Rh6+ 73. Kf7 Rh7+ 74. Kg6 Re7 75. Kf6 Rh7 76. e5 Rh6+ 77. Kf7 Rh1 78. e6 Rf1+ 79. Ke8 Kc5 80. Rd7 Kc6 81. e7 Rf2 82. Kd8 Ra2 83. e8=Q 1-0


[Site "https://www.chess.com"]